Lightning vs Senators

Created - April 17 2012 at 17:30

Goals
1 2 3 T
Lightning 1 3 3 7
Senators 1 0 3 4
Shots
1 2 3 T
Lightning 4 9 11 24
Senators 11 14 16 41

Period #1

1. Senators , Henrik Zetterberg 2 (Claude Giroux, Brian Rafalski) at 5:01
2. Lightning , Patrick Sharp 4 (Martin Havlat, Tim Gleason) at 11:54 (PP)

Penalties :
Tim Gleason (TBL) for Cross-checking (Minor) at 0:36, Brent Seabrook (TBL) for Roughing (Minor) at 5:16, Cory Stillman (OTT) for Hooking (Minor) at 7:49, Adrian Aucoin (OTT) for Tripping (Minor) at 11:40

Period #2

3. Lightning , Nick Spaling 1 (Tomas Plekanec, Andrej Meszaros) at 8:44 (SH)
4. Lightning , Patrick Sharp 5 (Tim Gleason, Tomas Plekanec) at 12:44 (PP)
5. Lightning , Patrick Kane 4 (Patrick Sharp, Marek Zidlicky) at 17:31

Penalties :
Tomas Plekanec (TBL) for Interference (Minor) at 0:03, Brent Seabrook (TBL) for Hooking (Minor) at 8:24, Dion Phaneuf (OTT) for Holding (Minor) at 12:32, Andrej Meszaros (TBL) for Hooking (Minor) at 13:47

Period #3

6. Senators , Brian Willsie 1 (James Wisniewski, Dion Phaneuf) at 0:44
7. Lightning , Patrick Kane 5 (Brent Seabrook, Tomas Plekanec) at 6:21
8. Senators , Todd Marchant 1 (Jason Spezza, Jamie Benn) at 11:42 (PP)
9. Senators , Kevin Klein 3 (James Wisniewski, Jason Spezza) at 12:04
10. Lightning , Martin St. Louis 4 (Paul Stastny, Josh Gorges) at 12:56
11. Lightning , Patrick Sharp 6 (Tomas Plekanec) at 13:36

Penalties :
Brent Seabrook (TBL) for Tripping (Minor) at 2:49, Andrej Meszaros (TBL) for Tripping (Minor) at 6:30, Tim Gleason (TBL) for Hooking (Minor) at 11:09, Josh Gorges (TBL) for Roughing (Minor) at 14:02, Nick Spaling (TBL) for Hooking (Minor) at 14:15, James Wisniewski (OTT) for Hooking (Minor) at 16:52

Goalie Stats

Jaroslav Halak (TBL), 37 saves from 41 shots - (0.902), W, 2-1-1, 60:00 minutes
Craig Anderson (OTT), 9 saves from 12 shots - (0.750), L, 1-1-0, 22:29 minutes
Carey Price (OTT), 8 saves from 12 shots - (0.667), 37:31 minutes

Players Stats

Lightning
Player Name              G  A  P  +/- PIM S  H  SB FO    MP 
------------------------------------------------------------
Andrej Meszaros          0  1  1  -1  4   0  5  1  0/0   18 
Andy Sutton              0  0  0   0  0   1  2  0  0/0   20 
Brent Seabrook           0  1  1   3  6   0  2  1  0/0   22 
Derek Joslin             0  0  0   0  0   0  0  0  0/0   0  
John Erskine             0  0  0   0  0   0  0  0  0/0   2  
Josh Gorges              0  1  1   0  2   1  1  1  0/0   20 
Marcel Goc               0  0  0   0  0   1  1  0  12/23 20 
Marek Zidlicky           0  1  1   3  0   0  0  0  0/0   16 
Martin Havlat            0  1  1  -2  0   0  1  0  0/1   15 
Martin St. Louis         1  0  1  -2  0   2  0  0  0/0   22 
Nick Spaling             1  0  1   1  2   1  0  0  0/0   9  
Patrick Kane             2  0  2   3  0   4  0  0  0/2   16 
Patrick Sharp            3  1  4   3  0   8  1  0  7/9   17 
Paul Stastny             0  1  1  -2  0   0  2  0  13/24 18 
Scott Hartnell           0  0  0   0  0   1  1  0  0/0   13 
Teddy Purcell            0  0  0   0  0   4  0  0  0/0   13 
Tim Gleason              0  2  2  -1  4   1  0  2  0/0   19 
Tomas Plekanec           0  4  4   4  2   0  1  0  20/34 21 
Senators
Player Name              G  A  P  +/- PIM S  H  SB FO    MP 
------------------------------------------------------------
Adrian Aucoin            0  0  0   1  2   3  0  0  0/0   16 
Brian Rafalski           0  1  1   0  0   3  1  1  0/0   22 
Brian Willsie            1  0  1  -2  0   1  0  0  5/6   19 
Claude Giroux            0  1  1   0  0   1  2  0  2/2   20 
Cory Stillman            0  0  0   0  2   3  1  0  0/2   16 
Daniel Winnik            0  0  0   0  0   0  0  0  0/0   2  
Dion Phaneuf             0  1  1  -2  2   2  3  0  0/0   22 
Henrik Zetterberg        1  0  1   1  0   9  0  0  3/4   19 
James Wisniewski         0  2  2  -2  2   1  0  0  0/0   21 
Jamie Benn               0  1  1  -3  0   1  3  0  1/1   20 
Jason Spezza             0  2  2   0  0   4  0  0  15/27 22 
Jeff Schultz             0  0  0  -1  0   2  0  1  0/0   23 
John Tavares             0  0  0  -2  0   1  0  0  6/15  15 
Kevin Klein              1  0  1   0  0   2  2  0  0/0   16 
Kristian Huselius        0  0  0   0  0   5  2  0  0/0   16 
Ryan Johnson             0  0  0   0  0   0  0  0  1/4   3  
Sidney Crosby            0  0  0   0  0   2  2  0  8/30  21 
Todd Marchant            1  0  1   0  0   1  0  0  0/2   3  

3 Stars

1 - Patrick Sharp (TBL)
2 - Patrick Kane (TBL)
3 - Tomas Plekanec (TBL)

Power Play

Lightning - 2 on 4 Attempt(s) - 50.00%
Senators - 1 on 10 Attempt(s) - 10.00%

Penalty Kill

Lightning - 9 on 10 Attempt(s) - 90.00% - Score 1 goal in Penalty Kill
Senators - 2 on 4 Attempt(s) - 50.00% - Score 0 goal in Penalty Kill

Game Notes

Craig Anderson enters game at 17:31 of 2nd period
Patrick Sharp has scored a Hat Trick!

Finance

Level 1 -- Attendance: 5882 (90.49%) -- Ticket Income $588,200.00
Level 2 -- Attendance: 4634 (92.68%) -- Ticket Income $278,040.00
Level 3 -- Attendance: 3149 (89.97%) -- Ticket Income $110,215.00
Level 4 -- Attendance: 1888 (59.88%) -- Ticket Income $56,640.00
Luxury Box -- Attendance: 733 (73.30%) -- Ticket Income $183,250.00
Game was played at the Scotiabank Place
Total Attendance: 16286 (85.03%)
Total Ticket Income: $1,272,497.00
Other Income: $381,749.03
Total Income: $1,654,246.00


Play by Play

Period #1

0:01 of 1st period - Tomas Plekanec wins face-off versus Sidney Crosby in neutral zone.
0:12 of 1st period - Shot by Patrick Sharp.
0:12 of 1st period - Stopped by Carey Price without a rebound.
0:13 of 1st period - Paul Stastny wins face-off versus John Tavares in Senators zone.
0:17 of 1st period - Icing by Dion Phaneuf.
0:18 of 1st period - Marcel Goc wins face-off versus John Tavares in Senators zone.
0:21 of 1st period - Shot by Scott Hartnell.
0:21 of 1st period - Shot Misses the Net.
0:36 of 1st period - Minor Penalty to Tim Gleason for Cross-checking.
0:37 of 1st period - Tomas Plekanec wins face-off versus Jason Spezza in Lightning zone.
0:48 of 1st period - Shot by Jason Spezza.
0:48 of 1st period - Shot Blocked by Josh Gorges.
1:09 of 1st period - Off-side.
1:10 of 1st period - Marcel Goc wins face-off versus Sidney Crosby in neutral zone.
1:13 of 1st period - Brian Willsie is hit by Marcel Goc and loses puck.
1:39 of 1st period - Icing by Brian Rafalski.
1:40 of 1st period - Tomas Plekanec wins face-off versus Sidney Crosby in Senators zone.
2:45 of 1st period - Shot by Teddy Purcell.
2:45 of 1st period - Stopped by Carey Price without a rebound.
2:46 of 1st period - Sidney Crosby wins face-off versus Paul Stastny in Senators zone.
2:53 of 1st period - Shot by Sidney Crosby.
2:53 of 1st period - Shot Misses the Net.
2:55 of 1st period - Shot by Adrian Aucoin.
2:55 of 1st period - Stopped by Jaroslav Halak with a rebound.
2:59 of 1st period - Shot by Sidney Crosby.
2:59 of 1st period - Stopped by Jaroslav Halak with a rebound.
3:35 of 1st period - Shot by Cory Stillman.
3:35 of 1st period - Stopped by Jaroslav Halak without a rebound.
3:36 of 1st period - Brian Willsie wins face-off versus Marcel Goc in Lightning zone.
4:22 of 1st period - Icing by Marcel Goc.
4:23 of 1st period - Marcel Goc wins face-off versus Jason Spezza in Lightning zone.
4:23 of 1st period - Marcel Goc is hit by Cory Stillman.
4:47 of 1st period - Shot by Kristian Huselius.
4:47 of 1st period - Stopped by Jaroslav Halak with a rebound.
4:49 of 1st period - Shot by Cory Stillman.
4:49 of 1st period - Shot Blocked by Tim Gleason.
4:51 of 1st period - Shot by Jason Spezza.
4:51 of 1st period - Stopped by Jaroslav Halak without a rebound.
4:52 of 1st period - Sidney Crosby wins face-off versus Martin Havlat in Lightning zone.
5:01 of 1st period - Shot by Henrik Zetterberg.
5:01 of 1st period - Goal by Henrik Zetterberg - Lightning : 0 - Senators : 1.
5:02 of 1st period - Henrik Zetterberg wins face-off versus Tomas Plekanec in neutral zone.
5:12 of 1st period - Claude Giroux is hit by Brent Seabrook and loses puck.
5:16 of 1st period - Minor Penalty to Brent Seabrook for Roughing.
5:17 of 1st period - Tomas Plekanec wins face-off versus Sidney Crosby in Lightning zone.
6:10 of 1st period - Shot by Jason Spezza.
6:10 of 1st period - Deflect By Henrik Zetterberg.
6:10 of 1st period - Stopped by Jaroslav Halak without a rebound.
6:11 of 1st period - Tomas Plekanec wins face-off versus Jason Spezza in Lightning zone.
6:38 of 1st period - Shot by Claude Giroux.
6:38 of 1st period - Deflect By Jason Spezza.
6:38 of 1st period - Stopped by Jaroslav Halak without a rebound.
6:39 of 1st period - Brian Willsie wins face-off versus Patrick Sharp in Lightning zone.
7:03 of 1st period - Sidney Crosby is hit by Tomas Plekanec and loses puck.
7:49 of 1st period - Minor Penalty to Cory Stillman for Hooking.
7:50 of 1st period - Tomas Plekanec wins face-off versus Ryan Johnson in Senators zone.
8:02 of 1st period - Icing by Tomas Plekanec.
8:03 of 1st period - Ryan Johnson wins face-off versus Tomas Plekanec in Lightning zone.
11:40 of 1st period - Minor Penalty to Adrian Aucoin for Tripping.
11:41 of 1st period - Tomas Plekanec wins face-off versus Todd Marchant in Senators zone.
11:54 of 1st period - Shot by Patrick Sharp.
11:54 of 1st period - Goal by Patrick Sharp - Lightning : 1 - Senators : 1.
11:55 of 1st period - Marcel Goc wins face-off versus Jason Spezza in neutral zone.
12:04 of 1st period - Shot by Scott Hartnell.
12:04 of 1st period - Shot Misses the Net.
12:06 of 1st period - Shot by Scott Hartnell.
12:06 of 1st period - Shot Misses the Net.
12:08 of 1st period - Shot by Marcel Goc.
12:08 of 1st period - Shot Misses the Net.
13:20 of 1st period - Icing by James Wisniewski.
13:21 of 1st period - Paul Stastny wins face-off versus John Tavares in Senators zone.
13:31 of 1st period - Martin St. Louis is hit by Dion Phaneuf and loses puck.
13:39 of 1st period - Martin St. Louis is hit by Dion Phaneuf and loses puck.
13:48 of 1st period - Shot by Martin Havlat.
13:48 of 1st period - Shot Misses the Net.
13:50 of 1st period - Shot by Josh Gorges.
13:50 of 1st period - Stopped by Carey Price without a rebound.
13:51 of 1st period - Sidney Crosby wins face-off versus Tomas Plekanec in Senators zone.
14:34 of 1st period - Shot by Henrik Zetterberg.
14:34 of 1st period - Stopped by Jaroslav Halak without a rebound.
14:35 of 1st period - Paul Stastny wins face-off versus Jason Spezza in Lightning zone.
14:54 of 1st period - Andrej Meszaros is hit by Kristian Huselius and loses puck.
15:23 of 1st period - Icing by Martin St. Louis.
15:24 of 1st period - Paul Stastny wins face-off versus Sidney Crosby in Lightning zone.
16:17 of 1st period - Shot by John Tavares.
16:17 of 1st period - Shot Misses the Net.
17:18 of 1st period - Andy Sutton is hit by Kevin Klein and loses puck.
17:31 of 1st period - Icing by Jeff Schultz.
17:32 of 1st period - Jason Spezza wins face-off versus Paul Stastny in Senators zone.
19:36 of 1st period - Shot by Jason Spezza.
19:36 of 1st period - Stopped by Jaroslav Halak without a rebound.
19:37 of 1st period - Sidney Crosby wins face-off versus Paul Stastny in Lightning zone.
19:38 of 1st period - Shot by Claude Giroux.
19:38 of 1st period - Stopped by Jaroslav Halak without a rebound.
19:39 of 1st period - Paul Stastny wins face-off versus Sidney Crosby in Lightning zone.
19:46 of 1st period - Brian Rafalski is hit by Andrej Meszaros and loses puck.
19:58 of 1st period - Icing by Andrej Meszaros.
19:59 of 1st period - Paul Stastny wins face-off versus Cory Stillman in Lightning zone.

Period #2

0:01 of 2nd period - Tomas Plekanec wins face-off versus Sidney Crosby in neutral zone.
0:03 of 2nd period - Minor Penalty to Tomas Plekanec for Interference.
0:04 of 2nd period - Patrick Sharp wins face-off versus Jason Spezza in Lightning zone.
0:04 of 2nd period - Patrick Sharp is hit by Claude Giroux.
0:13 of 2nd period - Dion Phaneuf is hit by Andy Sutton and loses puck.
0:24 of 2nd period - Shot by Claude Giroux.
0:24 of 2nd period - Shot Misses the Net.
0:26 of 2nd period - Shot by Henrik Zetterberg.
0:26 of 2nd period - Stopped by Jaroslav Halak with a rebound.
0:28 of 2nd period - Shot by Dion Phaneuf.
0:28 of 2nd period - Stopped by Jaroslav Halak without a rebound.
0:29 of 2nd period - Sidney Crosby wins face-off versus Patrick Sharp in Lightning zone.
0:30 of 2nd period - Shot by Brian Rafalski.
0:30 of 2nd period - Stopped by Jaroslav Halak without a rebound.
0:31 of 2nd period - Patrick Sharp wins face-off versus Sidney Crosby in Lightning zone.
0:46 of 2nd period - Shot by James Wisniewski.
0:46 of 2nd period - Stopped by Jaroslav Halak without a rebound.
0:47 of 2nd period - Jason Spezza wins face-off versus Marcel Goc in Lightning zone.
1:03 of 2nd period - Claude Giroux is hit by Andy Sutton and loses puck.
1:16 of 2nd period - Shot by Jeff Schultz.
1:16 of 2nd period - Stopped by Jaroslav Halak without a rebound.
1:17 of 2nd period - Patrick Sharp wins face-off versus Sidney Crosby in Lightning zone.
1:19 of 2nd period - Josh Gorges is hit by Sidney Crosby and loses puck.
2:10 of 2nd period - Shot by Kristian Huselius.
2:10 of 2nd period - Stopped by Jaroslav Halak without a rebound.
2:11 of 2nd period - Paul Stastny wins face-off versus Cory Stillman in Lightning zone.
2:45 of 2nd period - Icing by Jeff Schultz.
2:46 of 2nd period - Jason Spezza wins face-off versus Marcel Goc in Senators zone.
3:42 of 2nd period - Shot by Henrik Zetterberg.
3:42 of 2nd period - Stopped by Jaroslav Halak without a rebound.
3:43 of 2nd period - Paul Stastny wins face-off versus John Tavares in Lightning zone.
3:48 of 2nd period - Brian Willsie is hit by Martin Havlat and loses puck.
4:10 of 2nd period - Icing by Dion Phaneuf.
4:11 of 2nd period - Brian Willsie wins face-off versus Tomas Plekanec in Senators zone.
4:15 of 2nd period - Off-side.
4:16 of 2nd period - Sidney Crosby wins face-off versus Patrick Kane in neutral zone.
4:22 of 2nd period - Icing by Brent Seabrook.
4:23 of 2nd period - Tomas Plekanec wins face-off versus Sidney Crosby in Lightning zone.
4:34 of 2nd period - Shot by Patrick Sharp.
4:34 of 2nd period - Stopped by Carey Price without a rebound.
4:35 of 2nd period - Paul Stastny wins face-off versus Jason Spezza in Senators zone.
4:36 of 2nd period - Shot by Martin St. Louis.
4:36 of 2nd period - Stopped by Carey Price with a rebound.
4:43 of 2nd period - Jeff Schultz is hit by Andrej Meszaros and loses puck.
4:48 of 2nd period - Shot by Kristian Huselius.
4:48 of 2nd period - Stopped by Jaroslav Halak without a rebound.
4:49 of 2nd period - Tomas Plekanec wins face-off versus John Tavares in Lightning zone.
4:49 of 2nd period - Tomas Plekanec is hit by Jamie Benn.
4:56 of 2nd period - Brent Seabrook is hit by Dion Phaneuf.
5:09 of 2nd period - Icing by Marek Zidlicky.
5:10 of 2nd period - Tomas Plekanec wins face-off versus Sidney Crosby in Lightning zone.
5:15 of 2nd period - Shot by Patrick Sharp.
5:15 of 2nd period - Shot Blocked by Brian Rafalski.
6:08 of 2nd period - Kevin Klein is hit by Paul Stastny and loses puck.
6:15 of 2nd period - Shot by Paul Stastny.
6:15 of 2nd period - Shot Misses the Net.
6:48 of 2nd period - Icing by Kevin Klein.
6:49 of 2nd period - Jason Spezza wins face-off versus Marcel Goc in Senators zone.
7:02 of 2nd period - Shot by Scott Hartnell.
7:02 of 2nd period - Shot Misses the Net.
7:22 of 2nd period - Kevin Klein is hit by Scott Hartnell and loses puck.
7:58 of 2nd period - Icing by Dion Phaneuf.
7:59 of 2nd period - John Tavares wins face-off versus Tomas Plekanec in Senators zone.
7:59 of 2nd period - John Tavares is hit by Patrick Sharp.
8:24 of 2nd period - Minor Penalty to Brent Seabrook for Hooking.
8:25 of 2nd period - Tomas Plekanec wins face-off versus Sidney Crosby in Lightning zone.
8:33 of 2nd period - Icing by Brian Rafalski.
8:34 of 2nd period - Tomas Plekanec wins face-off versus Sidney Crosby in Senators zone.
8:40 of 2nd period - Icing by James Wisniewski.
8:41 of 2nd period - Tomas Plekanec wins face-off versus Sidney Crosby in Senators zone.
8:44 of 2nd period - Shot by Tomas Plekanec.
8:44 of 2nd period - Deflect By Nick Spaling.
8:44 of 2nd period - Goal by Nick Spaling - Lightning : 2 - Senators : 1.
8:45 of 2nd period - Tomas Plekanec wins face-off versus Henrik Zetterberg in neutral zone.
9:11 of 2nd period - Shot by Henrik Zetterberg.
9:11 of 2nd period - Stopped by Jaroslav Halak with a rebound.
10:12 of 2nd period - Shot by Henrik Zetterberg.
10:12 of 2nd period - Shot Misses the Net.
10:39 of 2nd period - Martin St. Louis is hit by Kristian Huselius and loses puck.
11:44 of 2nd period - Shot by John Tavares.
11:44 of 2nd period - Stopped by Jaroslav Halak without a rebound.
11:45 of 2nd period - Jason Spezza wins face-off versus Paul Stastny in Lightning zone.
11:45 of 2nd period - Jason Spezza is hit by Andrej Meszaros.
11:48 of 2nd period - Kristian Huselius is hit by Andrej Meszaros and loses puck.
12:32 of 2nd period - Minor Penalty to Dion Phaneuf for Holding.
12:33 of 2nd period - Patrick Sharp wins face-off versus Ryan Johnson in Senators zone.
12:36 of 2nd period - Shot by Patrick Sharp.
12:36 of 2nd period - Shot Misses the Net.
12:38 of 2nd period - Shot by Tomas Plekanec.
12:38 of 2nd period - Shot Misses the Net.
12:40 of 2nd period - Shot by Patrick Sharp.
12:40 of 2nd period - Shot Misses the Net.
12:42 of 2nd period - Shot by Tim Gleason.
12:42 of 2nd period - Stopped by Carey Price with a rebound.
12:44 of 2nd period - Shot by Patrick Sharp.
12:44 of 2nd period - Goal by Patrick Sharp - Lightning : 3 - Senators : 1.
12:45 of 2nd period - Marcel Goc wins face-off versus Sidney Crosby in neutral zone.
12:45 of 2nd period - Scott Hartnell is hit by Claude Giroux and loses puck.
12:53 of 2nd period - Icing by Andy Sutton.
12:54 of 2nd period - Marcel Goc wins face-off versus John Tavares in Lightning zone.
13:11 of 2nd period - Shot by Teddy Purcell.
13:11 of 2nd period - Shot Misses the Net.
13:13 of 2nd period - Shot by Teddy Purcell.
13:13 of 2nd period - Stopped by Carey Price without a rebound.
13:14 of 2nd period - Jason Spezza wins face-off versus Tomas Plekanec in Senators zone.
13:20 of 2nd period - Kristian Huselius is hit by Brent Seabrook and loses puck.
13:26 of 2nd period - Brent Seabrook is hit by Kevin Klein and loses puck.
13:33 of 2nd period - Shot by Patrick Sharp.
13:33 of 2nd period - Shot Misses the Net.
13:40 of 2nd period - Off-side.
13:41 of 2nd period - Sidney Crosby wins face-off versus Paul Stastny in neutral zone.
13:47 of 2nd period - Minor Penalty to Andrej Meszaros for Hooking.
13:48 of 2nd period - Tomas Plekanec wins face-off versus Sidney Crosby in Lightning zone.
15:42 of 2nd period - Off-side.
15:43 of 2nd period - Jason Spezza wins face-off versus Marcel Goc in neutral zone.
15:54 of 2nd period - Shot by Jeff Schultz.
15:54 of 2nd period - Stopped by Jaroslav Halak with a rebound.
15:56 of 2nd period - Shot by Jason Spezza.
15:56 of 2nd period - Stopped by Jaroslav Halak without a rebound.
15:57 of 2nd period - Paul Stastny wins face-off versus John Tavares in Lightning zone.
16:26 of 2nd period - Shot by Paul Stastny.
16:26 of 2nd period - Shot Misses the Net.
16:52 of 2nd period - Shot by Teddy Purcell.
16:52 of 2nd period - Shot Misses the Net.
17:06 of 2nd period - Shot by Sidney Crosby.
17:06 of 2nd period - Stopped by Jaroslav Halak with a rebound.
17:10 of 2nd period - Shot by Henrik Zetterberg.
17:10 of 2nd period - Stopped by Jaroslav Halak without a rebound.
17:11 of 2nd period - Brian Willsie wins face-off versus Tomas Plekanec in Lightning zone.
17:25 of 2nd period - Shot by Patrick Kane.
17:25 of 2nd period - Stopped by Carey Price with a rebound.
17:31 of 2nd period - Shot by Patrick Kane.
17:31 of 2nd period - Goal by Patrick Kane - Lightning : 4 - Senators : 1.
17:31 of 2nd period - Craig Anderson enters game.
17:32 of 2nd period - Paul Stastny wins face-off versus Sidney Crosby in neutral zone.
18:47 of 2nd period - Shot by Patrick Kane.
18:47 of 2nd period - Shot Misses the Net.
18:49 of 2nd period - Shot by Brent Seabrook.
18:49 of 2nd period - Shot Misses the Net.
18:51 of 2nd period - Shot by Tomas Plekanec.
18:51 of 2nd period - Shot Blocked by Jeff Schultz.
18:58 of 2nd period - Icing by Kevin Klein.
18:59 of 2nd period - Marcel Goc wins face-off versus Jason Spezza in Senators zone.
19:29 of 2nd period - Shot by Scott Hartnell.
19:29 of 2nd period - Deflect By Teddy Purcell.
19:29 of 2nd period - Stopped by Craig Anderson without a rebound.
19:30 of 2nd period - Jamie Benn wins face-off versus Paul Stastny in Senators zone.
19:59 of 2nd period - Off-side.

Period #3

0:01 of 3rd period - Claude Giroux wins face-off versus Tomas Plekanec in neutral zone.
0:08 of 3rd period - Shot by Sidney Crosby.
0:08 of 3rd period - Shot Misses the Net.
0:14 of 3rd period - Shot by Henrik Zetterberg.
0:14 of 3rd period - Stopped by Jaroslav Halak without a rebound.
0:15 of 3rd period - Paul Stastny wins face-off versus John Tavares in Lightning zone.
0:17 of 3rd period - Martin St. Louis is hit by Jamie Benn and loses puck.
0:44 of 3rd period - Shot by Brian Willsie.
0:44 of 3rd period - Goal by Brian Willsie - Lightning : 4 - Senators : 2.
0:45 of 3rd period - Henrik Zetterberg wins face-off versus Tomas Plekanec in neutral zone.
0:58 of 3rd period - Shot by Claude Giroux.
0:58 of 3rd period - Shot Misses the Net.
1:14 of 3rd period - Shot by Patrick Sharp.
1:14 of 3rd period - Deflect By Patrick Kane.
1:14 of 3rd period - Stopped by Craig Anderson with a rebound.
1:16 of 3rd period - Shot by Patrick Sharp.
1:16 of 3rd period - Stopped by Craig Anderson without a rebound.
1:17 of 3rd period - Jason Spezza wins face-off versus Marcel Goc in Senators zone.
1:38 of 3rd period - Shot by Marcel Goc.
1:38 of 3rd period - Deflect By Teddy Purcell.
1:38 of 3rd period - Stopped by Craig Anderson without a rebound.
1:39 of 3rd period - John Tavares wins face-off versus Paul Stastny in Senators zone.
2:49 of 3rd period - Minor Penalty to Brent Seabrook for Tripping.
2:50 of 3rd period - Jason Spezza wins face-off versus Tomas Plekanec in Lightning zone.
3:55 of 3rd period - Shot by Jamie Benn.
3:55 of 3rd period - Stopped by Jaroslav Halak without a rebound.
3:56 of 3rd period - Tomas Plekanec wins face-off versus Jason Spezza in Lightning zone.
4:21 of 3rd period - Shot by Claude Giroux.
4:21 of 3rd period - Shot Blocked by Andrej Meszaros.
4:23 of 3rd period - Shot by Henrik Zetterberg.
4:23 of 3rd period - Stopped by Jaroslav Halak without a rebound.
4:24 of 3rd period - Tomas Plekanec wins face-off versus Sidney Crosby in Lightning zone.
4:33 of 3rd period - Tim Gleason is hit by Jamie Benn and loses puck.
4:56 of 3rd period - Shot by Cory Stillman.
4:56 of 3rd period - Stopped by Jaroslav Halak without a rebound.
4:57 of 3rd period - Jason Spezza wins face-off versus Marcel Goc in Lightning zone.
5:22 of 3rd period - Shot by Jason Spezza.
5:22 of 3rd period - Shot Misses the Net.
5:49 of 3rd period - Off-side.
5:50 of 3rd period - John Tavares wins face-off versus Tomas Plekanec in neutral zone.
5:59 of 3rd period - Shot by John Tavares.
5:59 of 3rd period - Shot Misses the Net.
6:21 of 3rd period - Shot by Patrick Kane.
6:21 of 3rd period - Goal by Patrick Kane - Lightning : 5 - Senators : 2.
6:22 of 3rd period - Henrik Zetterberg wins face-off versus Paul Stastny in neutral zone.
6:30 of 3rd period - Minor Penalty to Andrej Meszaros for Tripping.
6:31 of 3rd period - Marcel Goc wins face-off versus Jason Spezza in Lightning zone.
7:24 of 3rd period - Shot by Brian Rafalski.
7:24 of 3rd period - Stopped by Jaroslav Halak without a rebound.
7:25 of 3rd period - Marcel Goc wins face-off versus Sidney Crosby in Lightning zone.
7:44 of 3rd period - Shot by Sidney Crosby.
7:44 of 3rd period - Shot Misses the Net.
7:48 of 3rd period - Shot by Sidney Crosby.
7:48 of 3rd period - Shot Blocked by Tim Gleason.
7:52 of 3rd period - Shot by Sidney Crosby.
7:52 of 3rd period - Shot Misses the Net.
7:54 of 3rd period - Shot by Jamie Benn.
7:54 of 3rd period - Shot Misses the Net.
8:28 of 3rd period - Shot by Dion Phaneuf.
8:28 of 3rd period - Stopped by Jaroslav Halak without a rebound.
8:29 of 3rd period - Patrick Sharp wins face-off versus Sidney Crosby in Lightning zone.
8:29 of 3rd period - Patrick Sharp is hit by Sidney Crosby.
9:06 of 3rd period - Shot by Kristian Huselius.
9:06 of 3rd period - Shot Misses the Net.
9:08 of 3rd period - Shot by Cory Stillman.
9:08 of 3rd period - Deflect By Kristian Huselius.
9:08 of 3rd period - Stopped by Jaroslav Halak with a rebound.
9:39 of 3rd period - Sidney Crosby is hit by Josh Gorges and loses puck.
10:41 of 3rd period - Shot by Marcel Goc.
10:41 of 3rd period - Stopped by Craig Anderson without a rebound.
10:42 of 3rd period - Marcel Goc wins face-off versus Sidney Crosby in Senators zone.
10:43 of 3rd period - Shot by Teddy Purcell.
10:43 of 3rd period - Deflect By Scott Hartnell.
10:43 of 3rd period - Stopped by Craig Anderson without a rebound.
10:44 of 3rd period - Sidney Crosby wins face-off versus Marcel Goc in Senators zone.
11:09 of 3rd period - Minor Penalty to Tim Gleason for Hooking.
11:10 of 3rd period - Patrick Sharp wins face-off versus Jason Spezza in Lightning zone.
11:40 of 3rd period - Shot by Jason Spezza.
11:40 of 3rd period - Shot Blocked by Brent Seabrook.
11:42 of 3rd period - Shot by Todd Marchant.
11:42 of 3rd period - Goal by Todd Marchant - Lightning : 5 - Senators : 3.
11:43 of 3rd period - Jason Spezza wins face-off versus Paul Stastny in neutral zone.
12:04 of 3rd period - Shot by Kevin Klein.
12:04 of 3rd period - Goal by Kevin Klein - Lightning : 5 - Senators : 4.
12:05 of 3rd period - Claude Giroux wins face-off versus Marcel Goc in neutral zone.
12:15 of 3rd period - Scott Hartnell is hit by Brian Rafalski and loses puck.
12:24 of 3rd period - Shot by Scott Hartnell.
12:24 of 3rd period - Shot Misses the Net.
12:56 of 3rd period - Shot by Martin St. Louis.
12:56 of 3rd period - Goal by Martin St. Louis - Lightning : 6 - Senators : 4.
12:57 of 3rd period - John Tavares wins face-off versus Patrick Kane in neutral zone.
13:24 of 3rd period - Icing by Patrick Sharp.
13:25 of 3rd period - Jason Spezza wins face-off versus Tomas Plekanec in Lightning zone.
13:36 of 3rd period - Shot by Patrick Sharp.
13:36 of 3rd period - Goal by Patrick Sharp - Lightning : 7 - Senators : 4.
13:37 of 3rd period - Jason Spezza wins face-off versus Paul Stastny in neutral zone.
13:37 of 3rd period - Jason Spezza is hit by Paul Stastny.
14:02 of 3rd period - Minor Penalty to Josh Gorges for Roughing.
14:03 of 3rd period - Marcel Goc wins face-off versus Brian Willsie in Lightning zone.
14:15 of 3rd period - Minor Penalty to Nick Spaling for Hooking.
14:16 of 3rd period - Jason Spezza wins face-off versus Marcel Goc in Lightning zone.
15:36 of 3rd period - Shot by Brian Rafalski.
15:36 of 3rd period - Stopped by Jaroslav Halak with a rebound.
15:52 of 3rd period - Shot by Claude Giroux.
15:52 of 3rd period - Shot Misses the Net.
15:54 of 3rd period - Shot by Adrian Aucoin.
15:54 of 3rd period - Shot Misses the Net.
15:56 of 3rd period - Shot by Adrian Aucoin.
15:56 of 3rd period - Stopped by Jaroslav Halak without a rebound.
15:57 of 3rd period - John Tavares wins face-off versus Tomas Plekanec in Lightning zone.
16:33 of 3rd period - Shot by Jason Spezza.
16:33 of 3rd period - Shot Misses the Net.
16:35 of 3rd period - Shot by Adrian Aucoin.
16:35 of 3rd period - Stopped by Jaroslav Halak with a rebound.
16:37 of 3rd period - Shot by Kevin Klein.
16:37 of 3rd period - Shot Misses the Net.
16:41 of 3rd period - Shot by Adrian Aucoin.
16:41 of 3rd period - Shot Misses the Net.
16:43 of 3rd period - Shot by Kevin Klein.
16:43 of 3rd period - Stopped by Jaroslav Halak without a rebound.
16:44 of 3rd period - Brian Willsie wins face-off versus Tomas Plekanec in Lightning zone.
16:52 of 3rd period - Minor Penalty to James Wisniewski for Hooking.
16:53 of 3rd period - Tomas Plekanec wins face-off versus Ryan Johnson in Senators zone.
17:08 of 3rd period - Shot by Patrick Sharp.
17:08 of 3rd period - Stopped by Craig Anderson without a rebound.
17:09 of 3rd period - Paul Stastny wins face-off versus Todd Marchant in Senators zone.
18:57 of 3rd period - Icing by Teddy Purcell.
18:58 of 3rd period - Jason Spezza wins face-off versus Marcel Goc in Lightning zone.
19:01 of 3rd period - Shot by Cory Stillman.
19:01 of 3rd period - Stopped by Jaroslav Halak with a rebound.
19:13 of 3rd period - Shot by Kristian Huselius.
19:13 of 3rd period - Stopped by Jaroslav Halak without a rebound.
19:14 of 3rd period - John Tavares wins face-off versus Paul Stastny in Lightning zone.
19:14 of 3rd period - Jamie Benn is hit by Andrej Meszaros and loses puck.
19:34 of 3rd period - Icing by Adrian Aucoin.
19:35 of 3rd period - Patrick Sharp wins face-off versus John Tavares in Senators zone.
19:46 of 3rd period - Shot by Patrick Sharp.
19:46 of 3rd period - Stopped by Craig Anderson without a rebound.
19:47 of 3rd period - Marcel Goc wins face-off versus Jason Spezza in Senators zone.
19:58 of 3rd period - Shot by Andy Sutton.
19:58 of 3rd period - Stopped by Craig Anderson without a rebound.
19:59 of 3rd period - Tomas Plekanec wins face-off versus Sidney Crosby in Senators zone.


Output by the SimonT Hockey Simulator (STHS) for Stephane Roy -- Original Page W3C XHTML 1.0 Valid